 Dungeon Crawl Stone Soup version 0.30-a0-1103-g25895a7845 (webtiles) character file.

Game seed: 134625952032037552

48 voltaire321 the Magician (level 3, 0/20 HPs)
             Began as a Deep Elf Hedge Wizard on Apr 19, 2023.
             Slain by a goblin
             ... wielding a +0 club
             ... led by Robin
              (2 damage)
             ... on level 2 of the Dungeon.
             The game lasted 00:04:26 (1235 turns).

voltaire321 the Magician (Deep Elf Hedge Wizard)    Turns: 1235, Time: 00:04:27

Health: 0/20       AC:  2    Str:  7    XL:     3   Next: 50%
Magic:  0/11       EV: 12    Int: 20    God:
Gold:   34         SH:  0    Dex: 14    Spells: 6/11 levels left

rFire   . . .      SeeInvis .    g - +0 short sword (vamp)
rCold   . . .      Faith    .    (no shield)
rNeg    . . .      Spirit   .    b - +0 robe
rPois   .          Reflect  .    c - +0 hat
rElec   .          Rampage  .    (no cloak)
rCorr   .                        (no gloves)
Will    .....                    (no boots)
Stlth   ++                       (no amulet)
HPRegen 0.23/turn                (no ring)
MPRegen 0.12/turn                (no ring)

@: no status effects
A: no striking features
a: no special abilities


You were on level 2 of the Dungeon.
You visited 1 branch of the dungeon, and saw 2 of its levels.

You collected 34 gold pieces.

Inventory:

Hand Weapons
 g - a +0 vampiric short sword (weapon)
Armour
 b - a +0 robe (worn)
 c - a +0 hat (worn)
Scrolls
 e - a scroll of teleportation {unknown}
 f - a scroll of amnesia {unknown}
 h - 2 scrolls of identify {unknown}
 j - a scroll of noise {unknown}
Potions
 a - 2 potions of berserk rage {unknown}
 d - a potion of magic
 i - a potion of lignification {unknown}
 k - a potion of curing {unknown}
 l - a potion of heal wounds {unknown}


   Skills:
 + Level 0.6 Fighting
 + Level 0.6 Armour
 + Level 2.8 Dodging
 - Level 2.4 Stealth
 + Level 4.8 Spellcasting
 + Level 1.7 Conjurations
 + Level 1.5 Summonings
 + Level 1.8 Translocations


You had 6 spell levels left.
You knew the following spells:

 Your Spells              Type           Power      Damage    Failure   Level
a - Magic Dart            Conj           44%        1d5       6%          1
b - Call Imp              Summ           22%        N/A       10%         2
c - Blink                 Tloc           24%        N/A       9%          2

Your spell library contained the following spells:

 Spells                   Type           Power      Damage    Failure   Level
 Apportation              Tloc           24%        N/A       5%          1
 Slow                     Hex            16%        N/A       12%         1
 Cigotuvi's Dreadful Rot  Necr/Pois/Air  8%         N/A       19%         2
 Mephitic Cloud           Conj/Pois/Air  7%         N/A       28%         3
 Alistair's Intoxication  Tmut/Pois      2%         N/A       97%         5


Dungeon Overview and Level Annotations

Branches:
Dungeon (2/15)

Altars:

Shops:
D:1 (


Message History

The goblin is moderately wounded.
The goblin closely misses your cerulean imp.
Your cerulean imp closely misses the goblin.
You hit the goblin.
You kill the goblin!
Your cerulean imp hits the goblin with a -3 spear.
You hit the goblin.
The goblin is moderately wounded.
The goblin hits you with a +0 club. The goblin misses your cerulean imp.
Your cerulean imp hits the goblin with a -3 spear.
The goblin dies!
You completely miss the goblin.
The goblin is moderately wounded.
The goblin hits you with a +0 club.
The goblin hits your cerulean imp with a +0 club.
Your cerulean imp barely misses the goblin.
You hit the goblin.
You feel better.
The goblin is severely wounded.
The goblin hits you with a +0 club. The hobgoblin hits you.
* * * LOW HITPOINT WARNING * * *
Your cerulean imp closely misses the goblin.
You barely miss the goblin.
The goblin is severely wounded.
The goblin misses you.
The hobgoblin hits you but does no damage.
Your cerulean imp barely misses the goblin.
You barely miss the goblin.
The goblin is severely wounded.
The goblin hits you with a +0 club.
* * * LOW HITPOINT WARNING * * *
The goblin closely misses you. The hobgoblin hits you.
* * * LOW HITPOINT WARNING * * *
Your cerulean imp misses the goblin.
Aiming: Magic Dart (safe; 6% risk of failure)
Press: ? - help, Q - select action, (/) - cycle Shift-Dir - straight line, f - goblin
Aim: a goblin, wielding a +0 club (severely wounded, 100% to hit)
The magic dart hits the goblin.
You kill the goblin!
The hobgoblin closely misses you. The goblin hits you with a +0 club.
You die...

.# .#..
.#..)#
.#....#
......#.
.†#....
#.####.# ...
#.....###.#
#####)#5..##
#..@g)...#
#...g)...#
#........#
#........#
##########


You could see a hobgoblin, a goblin (ally target) and a friendly cerulean imp
(summoned).

Vanquished Creatures
  Robin (D:2)
  A ball python (D:1)
  3 bats
  3 endoplasms (D:1)
  3 hobgoblins
  2 jackals (D:1)
  5 kobolds (D:1)
  9 goblins
  A rat (D:1)
28 creatures vanquished.

Vanquished Creatures (collateral kills)
  2 goblins (D:2)
2 creatures vanquished.

Grand Total: 30 creatures vanquished

Notes
Turn   | Place    | Note
-------+----------+-------------------------------------------
     0 | D:1      | voltaire321 the Deep Elf Hedge Wizard began the quest for
                  | the Orb.
     0 | D:1      | Reached XP level 1. HP: 10/10 MP: 7/7
    13 | D:1      | Found Ariel's Weapon Emporium.
   300 | D:1      | Reached XP level 2. HP: 15/15 MP: 5/9
  1113 | D:1      | Learned a level 2 spell: Call Imp
  1116 | D:1      | Learned a level 2 spell: Blink
  1212 | D:2      | Identified the +2 helmet of Weel {Dex+4}
  1212 | D:2      | Noticed Robin
  1213 | D:2      | Reached XP level 3. HP: 20/20 MP: 11/11
  1222 | D:2      | Killed Robin
  1235 | D:2      | Slain by a goblin

Illustrated notes

Levels and vault maps discovered:
D:1:      scummos_arrival_simple_crosswalls, layout_basic, serial_shops, shop,
          hangedman_decor_growths
D:2:      layout_rooms, nicolae_titane, uniq_robin

Action                     || total
---------------------------++-------
  Melee: Dagger            ||     5
         Short sword       ||    15
   Cast: Magic Dart        ||    67
         Call Imp          ||     1
 Armour: Robe              ||     4
  Dodge: Dodged            ||    19

Table legend: (Time is in decaauts)
 A = Elapsed time spent in this place.
 B = Non-inter-level travel time spent in this place.
 C = Inter-level travel time spent in this place.
 D = Time resting spent in this place.
 E = Time spent auto-exploring this place.
 F = Levels seen in this place.
 G = Mean time per level.
                   A        B        C        D        E       F      G
               +--------+--------+--------+--------+--------+-----+--------+
         Total |   1235 |   1219 |     16 |    380 |    609 |   2 |  617.5 |
       Dungeon |   1235 |   1219 |     16 |    380 |    609 |   2 |  617.5 |
               +--------+--------+--------+--------+--------+-----+--------+

Top non-repeatable levels by time:
     D:1: 1185 daAuts
     D:2: 50 daAuts
